[Event "97th Argentine Championship 2022"]
[Site "Barichole"]
[Date "2022.12.07"]
[Round "8.4"]
[White "Valerga, Diego"]
[Black "Pichot, Alan"]
[Result "1-0"]
[ECO "D43"]
[WhiteElo "2438"]
[BlackElo "2637"]
[Annotator "TA"]
[PlyCount "67"]
[EventDate "2022.12.01"]
[EventType "tourn"]
[EventCountry "ARG"]
[SourceTitle "playchess.com"]
[Source "ChessBase"]
[SourceQuality "1"]
[TimeControl "40/5400+30:1800+30"]

1. d4 Nf6 2. Nf3 d5 3. c4 e6 4. Nc3 dxc4 5. Qa4+ c6 6. Qxc4 b5 7. Qd3 a6 8. Bg5 {[%emt 0:02:58] 8.g4 is the modern continuation. D43: Semi-Slav: 5 Bg5 h6.} c5 9. Bxf6 gxf6 10. d5 {[%emt 0:02:00] The position is equal.} Ra7 11. e4 Rd7 {[%emt 0:06:16] [#]} ({Better is} 11... Bg7 $11) 12. O-O-O $146 (12. Qe3 $14) ({Predecessor:} 12. Qc2 Bh6 13. g3 O-O 14. Bh3 Rd6 15. O-O Nd7 16. Rad1 Ne5 17. Nxe5 fxe5 18. b3 {1-0 (88) Khismatullin,D (2667)-Alsina Leal,D (2546) Kavala 2010}) 12... c4 13. Qc2 b4 (13... Bg7 $11 {keeps the balance.}) 14. Na4 $16 {[%emt 0:11:09] White stays focused until the end.} b3 15. axb3 cxb3 16. Qxb3 Rb7 17. Qa2 {[%emt 0:06:38] Active counter play!} Qc7+ 18. Kb1 Bh6 {[%emt 0:02:56] Against Rc1} 19. Qc4 Qd8 (19... O-O $16 {is a better defense.}) 20. Be2 $18 {[%emt 0:04:20] [#] Hoping for dxe6.} e5 21. Nc5 Rb6 (21... Ra7 $142 22. g4 Qd6) 22. Nh4 {[%emt 0:02:14][%cal Oc5e6] And now Ne6! would win.} O-O 23. Rd3 a5 24. Rb3 $36 {[%emt 0:03:18][%mdl 2048] Keeping Black busy.} Bg5 (24... Rxb3 $142 25. Qxb3 Qe7) 25. Nf5 Nd7 $2 {[%emt 0:01:37] [#]} (25... Rxb3 {is a better chance.} 26. Qxb3 Bxf5 27. exf5 Nd7) 26. Ne6 $1 {[%emt 0:02:13][%mdl 512] Pair of Knights! White is clearly winning.} Qe8 (26... fxe6 27. dxe6) 27. Nxf8 Qxf8 28. Ne7+ Qxe7 29. Qxc8+ Kg7 30. Rb5 Rxb5 31. Bxb5 Nc5 32. h4 Bf4 33. g3 Bh6 34. Rd1 {[%emt 0:10:20] Weighted Error Value: White=0.21 (precise) /Black=0.35} 1-0

[Event "97th Argentine Championship 2022"]
[Site "Barichole"]
[Date "2022.12.07"]
[Round "8.5"]
[White "Acosta, Pablo Ismael"]
[Black "Flores, Diego"]
[Result "1-0"]
[ECO "D23"]
[WhiteElo "2461"]
[BlackElo "2547"]
[Annotator "TA"]
[PlyCount "73"]
[EventDate "2022.12.01"]
[EventType "tourn"]
[EventCountry "ARG"]
[SourceTitle "playchess.com"]
[Source "ChessBase"]
[SourceQuality "1"]
[TimeControl "40/5400+30:1800+30"]

1. d4 Nf6 2. c4 e6 3. Nc3 d5 4. Nf3 dxc4 5. Qa4+ Nbd7 6. e4 c5 7. d5 {[%emt 0:01:43] D23: Queen's Gambit Accepted: 3 Nf3 Nf6 sidelines.} exd5 8. e5 $1 {[%emt 0:01:08] Prevents d4.} d4 $2 {[%emt 0:10:24] This costs Black the game.} (8... b5 $1 $14 9. Qxb5 Rb8) 9. exf6 $18 {[%emt 0:09:54] White is clearly better.} dxc3 10. Bxc4 Qxf6 11. Bg5 Qc6 {[%emt 0:05:49] [#]} (11... Qg6 $142) 12. Qb3 (12. Qxc6 bxc6 13. O-O-O (13. bxc3 f6 $15) 13... cxb2+ 14. Kxb2 f6 $15) (12. Bxf7+ $142 $1 Kxf7 13. Qf4+ Ke8 14. O-O-O cxb2+ 15. Kxb2) 12... f6 {[%emt 0:01:52] [#]} 13. O-O $1 {[%emt 0:04:21] [#]} fxg5 $146 ({Predecessor:} 13... cxb2 14. Rae1+ Kd8 15. Bf4 Qb6 16. Qd3 g5 17. Bg3 a6 18. Re6 Qb4 19. a3 Qa5 20. Rfe1 Bg7 21. Qd6 {1-0 (21) Arutinian,D (2552)-Gelazonia,P (2268) Tbilisi 2007}) 14. Rae1+ Kd8 {[%emt 0:13:12] Hoping for ...Qf6.} 15. Re6 {[%emt 0:07:51] Against Qf6} Qc7 16. Nxg5 {[%emt 0:04:16][%cal Rg5f7] White is more active.} Qf4 {[%emt 0:02:01] [#] Against Nf7+} (16... Qa5) 17. Re8+ $3 {[%emt 0:05:01][%mdl 576] Decoy. White is clearly winning.} Kxe8 {[%emt 0:00:14] [#]} 18. Bf7+ $1 Ke7 19. Qe6+ Kd8 20. Qe8+ Kc7 21. Ne6+ Kb8 22. Nxf4 cxb2 23. Be6 Nb6 24. Bxc8 (24. Nd5 $142 Be7 25. Qxh8) 24... Nxc8 25. Ne6 {[%emt 0:10:41] Inhibits a6.} a6 26. Nxf8 Ka7 27. Qf7 Nb6 28. Ne6 (28. Qxg7 Rhxf8 29. Qxb2 Rac8 $18) 28... Rac8 29. Rb1 (29. Nxg7 c4 30. Nf5 Rhd8 $14) 29... Na4 30. Qd7 {[%emt 0:01:21] Against c4} (30. Nxg7 c4 31. Nf5 Rhd8 $11) 30... Rc6 31. f4 (31. Qxg7 Re8 32. Nf4 Rd8 $11) 31... c4 32. Nd4 {[%emt 0:00:34] Against c3} (32. Qxg7 Rhc8 33. Nd4 Rd6 $14) 32... Rhc8 33. Nxc6+ Rxc6 34. Qd1 {[%emt 0:00:43] Inhibits c3.} (34. Qxg7 $2 {too greedy.} c3 35. Qd4+ (35. Qxh7 $2 c2 $19) 35... Rc5 $19) 34... c3 (34... b5 $142 35. Qd7+ Kb6 36. Qd4+ Kb7 37. Rxb2 Nxb2 38. Qxg7+ Kc8 39. Qxb2 c3) 35. Qxa4 {[%emt 0:00:38] aiming for Qd4+.} c2 36. Qd4+ (36. Rxb2 {leads to mate.} c1=Q+ 37. Kf2 Qxb2+ 38. Kg3 Rg6+ 39. Kf3 Qxg2+ 40. Ke3 Re6+ 41. Kd4 Re4+ 42. Kc3 Rxa4 43. Kd3 Qf3+ 44. Kc2 Rxa2+ 45. Kb1 Qb3+ 46. Kc1 Qc2#) 36... Rb6 {[%emt 0:00:03] [#]} 37. Qxb6+ $3 {[%emt 0:00:09] Weighted Error Value: White=0.56/Black=0.36} 1-0

[Event "97th Argentine Championship 2022"]
[Site "Barichole"]
[Date "2022.12.08"]
[Round "8.6"]
[White "Sorin, Ariel"]
[Black "Paveto, Kevin"]
[Result "1-0"]
[ECO "D80"]
[WhiteElo "2363"]
[BlackElo "2431"]
[Annotator "TA"]
[PlyCount "105"]
[EventDate "2022.12.01"]
[EventType "tourn"]
[EventCountry "ARG"]
[SourceTitle "playchess.com"]
[Source "ChessBase"]
[SourceQuality "1"]
[TimeControl "40/5400+30:1800+30"]

1. d4 Nf6 2. c4 g6 3. Nc3 d5 4. Bg5 Bg7 5. Bxf6 Bxf6 6. cxd5 {[%emt 0:00:30] D80: Grünfeld: Unusual White 4th moves and 4 Bg5.} c5 7. dxc5 {[%emt 0:01:30] next Rc1 is good for White.} Nd7 8. e3 {[%emt 0:03:29] White has an edge.} O-O 9. Bc4 Nxc5 10. Nge2 Qa5 11. O-O Qb4 12. Bb3 {[%emt 0:01:16] [#]} a5 $146 ({Predecessor:} 12... Bf5 13. Nd4 Bd3 14. Re1 Rfd8 15. Qd2 a5 16. a3 Qb6 17. Ba2 Rac8 18. Rac1 Ba6 19. Rb1 Bd3 20. Rbc1 Ba6 21. Rb1 Bd3 22. Rbc1 {½-½ (22) Svidler,P (2745)-Nepomniachtchi,I (2740) Moscow 2016}) 13. Rb1 a4 14. Bc2 Bd7 15. a3 Qa5 16. Nd4 Rfc8 17. Qe2 Rab8 18. Rfd1 Bg7 19. Ne4 e5 20. dxe6 {[%emt 0:04:23] White is more active.} Nxe6 21. b4 axb3 22. Nxb3 (22. Rxb3 Bxd4 23. exd4 Nxd4 24. Rxd4 (24. Nf6+ Kg7 $17) 24... Rxc2 $15) 22... Qc7 23. Rdc1 (23. Rbc1 $5 Bc6 24. a4 $11) 23... Bc6 24. Bd3 Qe7 25. Na5 Bd5 {[%emt 0:05:35] White must now prevent ...Rxc1+. A strong pair of Bishops.} 26. Rxc8+ Rxc8 27. f3 (27. Nd2 {looks sharper.} Bxg2 28. Kxg2 Qg5+ 29. Kh1) 27... f5 (27... Qxa3 28. Nc4 Qf8 29. Nb6 Bxe4 30. Bxe4 $14) (27... Nc5 $15 28. Nxc5 Qxc5) 28. Nf2 $1 $11 Qxa3 ({Better is} 28... Kh8 $11) 29. Nc4 $14 Qc5 30. Nb6 Rc7 31. Nxd5 Qxd5 32. e4 fxe4 33. Bxe4 Qe5 34. Qa2 {[%emt 0:01:36] Hoping for f4.} (34. Rxb7 $2 {too greedy.} Rxb7 35. Kf1 Rb2 $19) 34... Kh8 35. g3 (35. Rxb7 {leads to mate.} Rc1+) 35... Bf6 36. Bxb7 Qe3 37. Kg2 {[%emt 0:00:58] And now Ng4 would win.} Nd4 $2 {[%emt 0:00:16][%mdl 8192] Loses the game.} (37... Bd4 $16) 38. Be4 $18 {[%emt 0:00:49] White wants to mate with Rb8+.} Kg7 39. Rb8 {[%emt 0:00:30][%cal Bb1b8,Bb8g8,Bg8c8,Bc8c2][%mdl 32] Qg8+ would kill now.} Rf7 40. Qa8 Qd2 41. Rg8+ Kh6 42. Qd5 {[%emt 0:19:14] Intending Bxg6 and mate.} ({Weaker is} 42. Qc8 Nf5 43. Bxf5 Bd4 $18) 42... Rg7 (42... Ra7 $142) 43. Rc8 {[%emt 0:00:46][%cal Oc8c2] Threatens to win with Rc2!} Ra7 {[%emt 0:01:53] [#]} 44. Rc2 {[%emt 0:01:13][%mdl 512] Against Ra2} Qg5 (44... Qxc2 45. Bxc2) 45. Ng4+ Kg7 {[%emt 0:00:02] [#]} 46. Rc8 $1 Rf7 47. Qa8 {[%emt 0:00:57][%csl Ga8][%cal Rc8g8] White mates.} h5 48. Rg8+ Kh7 49. Bxg6+ Qxg6 50. Rxg6 Kxg6 51. Qg8+ Rg7 52. Qe8+ Rf7 {[%emt 0:00:13] [#]} 53. Nh6 $1 {[%emt 0:00:10][%mdl 512] Weighted Error Value: White=0.27 (precise) /Black=0.42} 1-0

[Event "97th Argentine Championship 2022"]
[Site "Barichole"]
[Date "2022.12.08"]
[Round "9.1"]
[White "Fiorito, Joaquin"]
[Black "Acosta, Pablo Ismael"]
[Result "1/2-1/2"]
[ECO "C02"]
[WhiteElo "2344"]
[BlackElo "2461"]
[Annotator "TA"]
[PlyCount "26"]
[EventDate "2022.12.01"]
[EventType "tourn"]
[EventCountry "ARG"]
[SourceTitle "playchess.com"]
[Source "ChessBase"]
[SourceQuality "1"]
[TimeControl "40/5400+30:1800+30"]

1. e4 e6 2. d4 d5 3. e5 c5 4. c3 Nc6 5. Nf3 Bd7 6. Be2 cxd4 7. cxd4 Qb6 {[%emt 0:00:21] C02: French: Advance Variation.} 8. Nc3 Nge7 9. Na4 Qa5+ {[%emt 0:00:31] [#] White has an edge.} 10. Nc3 $146 (10. Bd2 $5 Qd8 11. Bd3 $14) ({Predecessor:} 10. Bd2 Qc7 11. O-O Nf5 12. Rc1 Qd8 13. Bg5 Qa5 14. Bd2 Bb4 15. Bxb4 Nxb4 16. Nc5 Bc8 17. a3 Nc6 18. Rc3 O-O 19. Bd3 Qd8 20. Bb1 {½-½ (54) Cvitan,E (2094)-Bulic,J (2260) Croatia 2016}) 10... Qb6 11. Na4 Qa5+ 12. Nc3 (12. Bd2 $5 Qd8 13. Bd3 $14) 12... Qb6 13. Na4 Qa5+ {[%emt 1:31:28] Weighted Error Value: White=0.26 (precise) /Black=0.05 (flawless)} 1/2-1/2

[Event "97th Argentine Championship 2022"]
[Site "Barichole"]
[Date "2022.12.08"]
[Round "9.2"]
[White "Mareco, Sandro"]
[Black "Valerga, Diego"]
[Result "1-0"]
[ECO "D34"]
[WhiteElo "2619"]
[BlackElo "2438"]
[Annotator "TA"]
[PlyCount "137"]
[EventDate "2022.12.01"]
[EventType "tourn"]
[EventCountry "ARG"]
[SourceTitle "playchess.com"]
[Source "ChessBase"]
[SourceQuality "1"]
[TimeControl "40/5400+30:1800+30"]

1. Nf3 Nf6 2. c4 e6 3. g3 d5 4. Bg2 Be7 5. O-O O-O 6. d4 c5 7. cxd5 exd5 8. Nc3 Nc6 9. dxc5 Bxc5 10. a3 {[%emt 0:00:12] Recently 10.Na4 got a lot of attention.} Re8 11. b4 {[%emt 0:00:18] D34: Tarrasch Defence: 6 g3 Nf6 7 Bg2 Be7.} Bb6 12. Bb2 Be6 13. Na4 {[%emt 0:02:53] White is slightly better.} Ne4 14. Nxb6 Qxb6 15. Nd4 {[%emt 0:06:08] [#]} Nxd4 $146 ({Predecessor:} 15... Ne5 16. Nxe6 Qxe6 17. Qd4 f6 18. Bxe4 dxe4 19. Qxe4 Nc4 20. Qxe6+ Rxe6 21. Bd4 Rxe2 {½-½ (33) Molchanova,T (2346)-Zhukova,N (2435) Gaziantep 2012}) 16. Bxd4 (16. Qxd4 {simplifies} Qxd4 17. Bxd4 b6 18. Rfd1) 16... Qb5 17. Qc2 Rec8 18. Qb2 f6 19. a4 Qd7 20. Rfd1 Qf7 21. Rac1 a6 22. Bb6 Rxc1 23. Rxc1 (23. Qxc1 Rc8 24. Qe3 Nc3 $11) 23... Rc8 24. Rxc8+ Bxc8 25. Qd4 Qe6 26. f3 Nd6 27. Bc5 Nf5 {[%emt 0:10:34] Inhibits e4.} 28. Qd3 b6 29. Bf2 Qc6 30. h3 (30. e4 $16 Ne7 31. Bf1) 30... Nd6 $14 31. Qd4 Nc4 32. g4 (32. f4 $5 Bb7 33. b5 axb5 34. axb5 Qxb5 35. e4 $14) 32... Bb7 33. f4 h6 $1 {[%emt 0:02:01] Inhibits g5.} 34. h4 Kf8 35. g5 $1 {[%emt 0:01:47] White is more active.} Qe6 36. gxh6 gxh6 37. Bf3 Ke7 (37... Qf5 $142) 38. h5 $16 Bc6 39. a5 bxa5 40. bxa5 Bb7 41. Qa7 ({White should play} 41. Qd3 $18 {Strongly threatening Qh7+.} f5 42. Bc5+ Kd8 43. Qd4) 41... Qc6 42. Be1 Qb5 (42... Kf7 $16 43. Kh2 Nd6) 43. Kh2 $2 (43. Qd4 $18 {has better winning chances.}) 43... Nd6 44. Qe3+ Kf7 45. Bc3 $36 {[%emt 0:07:48][%mdl 2048] Prevents d4. White is pushing.} Nf5 (45... Ne4 $14) 46. Qa7 $1 Nh4 (46... Qc6 $16 47. Be1 Qb5) 47. Bg4 $18 {[%emt 0:01:31] A strong pair of Bishops.} f5 48. Kg3 {[%emt 0:00:13] aiming for Bh3.} fxg4 49. Kxh4 {[%emt 0:00:09][%mdl 4096] Endgame KQB-KQB} d4 (49... Qb1 $142 50. Kxg4 Ke7) 50. Qxd4 {[%emt 0:00:45] Black must now prevent Qf6+.} Qxe2 $2 (50... Qc6 51. Qg7+ (51. Kxg4 Qg2+ 52. Kh4 Qh2+ 53. Kg4 Qxe2+ 54. Kh4 Qh2+ 55. Kg4 Qg2+ 56. Kh4 Qh2+ 57. Kg4 Qg2+ 58. Kh4 Qh2+ $11) 51... Ke8) 51. Qg7+ Ke6 52. f5+ (52. Qxg4+ Qxg4+ 53. Kxg4 Kf7 $16) 52... Kd6 53. Qxb7 $2 (53. Qd4+ Kc7 $16) (53. Bb4+ $18 Kc6 54. Qxh6+ Kd7 55. Qg7+ Kc6 56. Qd4) 53... Qh2+ $2 (53... Qf2+ $11 54. Kxg4 Qd4+ 55. Kg3 Qxc3+ 56. Kh2 Qe5+ 57. Kg1 Qe1+ 58. Kh2 Qf2+ 59. Kh1 Qe1+ 60. Kh2 (60. Kg2 Qe2+ 61. Kh1 Qxh5+ 62. Kg2 Qg5+ 63. Kh2 Qh5+ 64. Kg3 Qg5+ 65. Kh2 Qh5+ 66. Kg3 Qg5+ 67. Kh2 $11) 60... Qf2+ 61. Kh1 Qe1+ 62. Kh2 (62. Kg2 Qxa5 63. Qc8 Qd2+ 64. Kh3 Qe3+ 65. Kh4 Qg5+ 66. Kh3 Qxh5+ 67. Kg3 Qg5+ 68. Kf3 Qh5+ 69. Kg3 Kd5 $11)) 54. Kxg4 {[%emt 0:00:05] White wants to mate with Qb8+.} Qg1+ {[%emt 0:00:04] [#]} 55. Kf4 $2 (55. Kh3 $1 $18 {Intending Qb6+ and mate.} Qe3+ 56. Kg2 Qxc3 57. Qxa6+ Kd7 58. Qxh6 Qc2+ 59. Kg3 Qxf5 60. Qg7+ Kd8 61. Qd4+ Ke8 62. Qe3+ Kd7 63. h6) 55... Qc1+ $1 $11 56. Kg4 Qg1+ {[%emt 0:00:27] [#]} 57. Kh3 $1 Qe3+ 58. Kg2 {[%emt 0:00:42] White threatens Bb4+ and mate.} Qxc3 59. Qxa6+ $18 {[%emt 0:00:06] KQ-KQ} Ke5 60. Qe2+ ({Weaker is} 60. Qxh6 Qc2+ 61. Kg1 Qb1+ 62. Kg2 Qe4+ 63. Kh3 Qd3+ 64. Kh4 Qe4+ 65. Kh3 Qd3+ 66. Kh4 Qe4+ 67. Kh3 $11) 60... Kf6 61. a6 Qc6+ 62. Kg3 (62. Kf2 $142 Qa4 63. Qe6+ Kg5 64. f6 Qc2+ 65. Kf3 Qd1+ 66. Qe2 Qd5+ 67. Qe4 Qd1+ 68. Kf2 Qd2+ 69. Qe2) 62... Qc7+ 63. Kg2 Qc6+ 64. Kf2 {[%emt 0:00:07][%cal Oe2e6] Threatening mate with Qe6+!} Qb6+ 65. Qe3 Qb2+ 66. Kg3 Qb8+ 67. Kg4 Qg8+ 68. Kh3 {[%emt 0:00:05] Qe6+ would kill now.} Qd5 69. Qe6+ {[%emt 0:00:10] Weighted Error Value: White=0.37/Black=0.35} 1-0

[Event "97th Argentine Championship 2022"]
[Site "Barichole"]
[Date "2022.12.08"]
[Round "9.3"]
[White "Peralta, Fernando"]
[Black "Krysa, Leandro"]
[Result "1/2-1/2"]
[ECO "D27"]
[WhiteElo "2587"]
[BlackElo "2524"]
[Annotator "TA"]
[PlyCount "61"]
[EventDate "2022.12.01"]
[EventType "tourn"]
[EventCountry "ARG"]
[SourceTitle "playchess.com"]
[Source "ChessBase"]
[SourceQuality "1"]
[TimeControl "40/5400+30:1800+30"]

1. d4 d5 2. c4 e6 3. Nf3 Nf6 4. Nc3 c6 5. e3 a6 6. Bd3 dxc4 7. Bxc4 b5 8. Bb3 c5 9. O-O Bb7 10. e4 {[%emt 0:01:37] D27: Queen's Gambit Accepted: Classical main line: 7 e4!? and 7 a4.} cxd4 11. Nxd4 {[%emt 0:00:10] next e5 is good for White.} Nc6 {[%emt 0:04:01] Against e5} 12. Nxc6 Qxd1 {[%emt 0:07:06] 12...Qxd1 has lost popularity.} 13. Rxd1 {[%emt 0:00:28] [#] Hoping for Ne5.} Bxc6 14. f3 Bc5+ 15. Kf1 Nd7 16. Ne2 {[%emt 0:08:54] [#]} e5 $146 (16... Rc8 $11) ({Predecessor:} 16... Ke7 17. Nd4 Rhc8 18. Bg5+ f6 19. Be3 Bxd4 20. Bxd4 b4 21. Rdc1 Bb5+ 22. Kf2 a5 23. Bd1 Ne5 24. Bxe5 fxe5 {½-½ (34) Maiorov,N (2519)-Bernadskiy,V (2588) Roquetas de Mar 2020}) 17. Bg5 {[%emt 0:07:20] White is more active.} f6 18. Bd2 {[%emt 0:20:07] [#] aiming for Rac1.} Ke7 19. Rac1 {[%emt 0:02:54][%cal Oc1c5] And now Rxc5! would win.} Rhc8 20. Ba5 (20. Rc2 $5 ) 20... Rab8 $1 {[%emt 0:08:12] The position is equal.} 21. Nc3 Nb6 (21... Bb6 {seems wilder.} 22. Bb4+ Bc5 23. a3 Bxb4 24. axb4 Nb6) 22. Bxb6 Bxb6 23. Nd5+ Bxd5 24. Bxd5 Bd4 25. b3 a5 26. Ke2 Bb2 27. Rxc8 Rxc8 28. Bb7 Rc2+ 29. Rd2 Rxd2+ 30. Kxd2 Kd6 31. a4 {[%emt 0:01:02] Weighted Error Value: White=0.04 (flawless) /Black=0.03 (flawless)} 1/2-1/2

[Event "97th Argentine Championship 2022"]
[Site "Barichole"]
[Date "2022.12.08"]
[Round "9.4"]
[White "Pichot, Alan"]
[Black "Gaitan, Juan Manuel"]
[Result "1-0"]
[ECO "C42"]
[WhiteElo "2637"]
[BlackElo "2347"]
[Annotator "TA"]
[PlyCount "71"]
[EventDate "2022.12.01"]
[EventType "tourn"]
[EventCountry "ARG"]
[SourceTitle "playchess.com"]
[Source "ChessBase"]
[SourceQuality "1"]
[TimeControl "40/5400+30:1800+30"]

1. e4 e5 2. Nf3 Nf6 3. Nxe5 Nxe4 4. Qe2 Qe7 5. Qxe4 d6 6. d4 dxe5 7. dxe5 Nc6 {[%emt 0:00:09] C42: Petroff Defence: 3 Nxe5 and unusual White 3rd moves.} 8. Nc3 {[%emt 0:00:06] Hoping for Nd5.} (8. Bb5 $5 Qb4+ 9. Nc3 Qxe4+ 10. Nxe4 $14) 8... Qxe5 9. Qxe5+ Nxe5 {[%emt 0:00:02] White is slightly better.} 10. Bf4 Bd6 11. Bg3 h5 {[%emt 0:00:04] [#] 11...Bg4 is the modern continuation.} 12. Nb5 $146 ({Predecessor:} 12. h3 h4 13. Bh2 Bf5 14. O-O-O O-O-O 15. Nb5 Rhe8 16. Nxd6+ cxd6 17. Bb5 Re6 18. Rhe1 {1-0 (63) Popilski,G (2458)-Dardha,D (2555) Chess.com INT 2022}) 12... h4 13. Nxd6+ cxd6 14. Bf4 Bf5 15. O-O-O Rc8 16. c3 Ke7 17. Be2 f6 18. Rd4 g5 19. Be3 h3 20. g3 d5 21. Rf1 Ke6 {[%emt 0:11:13] [#]} ({Black should play} 21... a6) 22. g4 $1 $16 Be4 {[%emt 0:02:15] [#]} 23. f3 $1 Bg6 (23... Bh7 $16) 24. f4 $18 gxf4 25. Rdxf4 Rhf8 26. Bxa7 {[%emt 0:08:38] A strong pair of Bishops.} (26. g5 $1 $18) 26... Nd3+ (26... Bd3 $16 {might work better.} 27. R1f2 Bxe2 28. Rxe2 Rg8) 27. Bxd3 Bxd3 28. R1f3 $36 {[%emt 0:00:14][%mdl 2048] White is really pushing.} Be4 29. Rxh3 Ra8 $2 {[%emt 0:00:22] This costs Black the game.} (29... Rh8 $16 30. Rh5 Rxh5 31. gxh5 Ra8) 30. Bd4 Rxa2 31. Rh6 Kd7 32. Rhxf6 ({Don't do} 32. Rfxf6 Rxf6 33. Rxf6 Ke8 34. Re6+ Kd7 $18) 32... Re8 33. Rf7+ Kc6 $2 (33... Kc8 $18 34. Rf8 Rd8 35. Rxd8+ Kxd8 36. Rf8+ Kd7 37. Rf7+ Kc8) 34. R4f6+ {[%emt 0:00:31] White mates.} Kb5 35. Rxb7+ Kc4 36. Kd2 {[%emt 0:00:11] Weighted Error Value: White=0.07 (flawless) /Black=0.43} 1-0

[Event "97th Argentine Championship 2022"]
[Site "Barichole"]
[Date "2022.12.08"]
[Round "9.5"]
[White "Flores, Diego"]
[Black "Sorin, Ariel"]
[Result "1/2-1/2"]
[ECO "A36"]
[WhiteElo "2547"]
[BlackElo "2363"]
[Annotator "TA"]
[PlyCount "142"]
[EventDate "2022.12.01"]
[EventType "tourn"]
[EventCountry "ARG"]
[SourceTitle "playchess.com"]
[Source "ChessBase"]
[SourceQuality "1"]
[TimeControl "40/5400+30:1800+30"]

1. c4 g6 2. Nc3 Bg7 3. g3 c5 4. Bg2 Nc6 5. d3 d6 6. Qd2 {[%emt 0:00:17] A36: Symmetrical English vs ...g6: 4 Bg2 Bg7.} Nf6 7. b3 O-O 8. Bb2 e5 9. Nf3 h6 10. O-O Be6 {[%emt 0:00:40] [#]} 11. a3 $146 ({Predecessor:} 11. e3 d5 12. Na4 Qd6 13. Ba3 b6 14. cxd5 Bxd5 15. Nc3 Be6 16. d4 exd4 17. exd4 Rfd8 {0-1 (44) Nikitenko,M (2506)-Strybuk,A (2230) Minsk 2022}) 11... Qd7 12. b4 cxb4 13. axb4 Nxb4 14. Nb5 (14. Ne4 $11 Nxe4 15. Qxb4) 14... Nc6 $15 15. Ba3 Ne8 (15... e4 {keeps more tension.} 16. Ne1 Rfd8 17. Rb1 d5) 16. Rfb1 f5 17. Nc3 (17. d4 $5 e4 18. d5 Bxa1 19. Rxa1 exf3 20. dxe6 Qxe6 21. Bxf3 $15) 17... Rf7 18. Ne1 Nf6 19. Nc2 d5 (19... f4 $15) 20. cxd5 (20. Nxd5 {seems wilder.} Nxd5 21. cxd5 Bxd5 22. Rxb7 Qxb7 23. Bxd5 a5 24. Rc1) 20... Nxd5 21. Nxd5 Bxd5 {[%emt 0:00:35] [#]} 22. Rxb7 $1 Qxb7 23. Bxd5 Rd8 24. Ba2 {[%emt 0:03:14] This pair of bishops is nice.} (24. Bxf7+ {simplifies} Qxf7 25. Bb2 Qb7 26. Qc1) 24... e4 25. Rb1 Qd7 (25... Qc7 {is more complex.} 26. Nb4 Nxb4 27. Bxb4 exd3 28. exd3 Qd7) 26. d4 Kh7 {[%emt 0:00:00][%cal Rg7d4] Strongly threatening ...Bxd4!} 27. Bxf7 Qxf7 28. Bc5 Qc4 {[%emt 0:00:00] Hoping for ...Qxc5.} 29. Qd1 Qc3 30. Rc1 Qb2 31. Rb1 Qc3 32. Kg2 Rd7 (32... Nxd4 33. Bxd4 Bxd4 34. Nxd4 Rxd4 35. Rb7+ Kh8 36. Qb1 $18) (32... Bxd4 $2 33. Bxd4 Nxd4 34. Rb7+ Kg8 35. Nxd4 Qxd4 36. Qc1 $18) (32... a5 $11 {remains equal.}) 33. e3 $16 Qa5 34. Qe2 Qa4 35. Ra1 Qb3 36. Ra3 {[%emt 0:03:44] Inhibits a5.} Qd5 37. Nb4 {[%emt 0:01:38] Prevents a5.} Nxb4 38. Bxb4 g5 39. Ra5 {[%emt 0:00:39] Inhibits f4.} Qe6 40. Qa2 {[%emt 0:00:00] Prevents f4.} Qg6 41. h3 Rb7 42. Bc5 (42. Rxa7 $2 {too greedy.} Rxb4 43. Qa5 Rb1 $19) ({Better is} 42. Bc3 $14) 42... f4 (42... Qh5 $11) 43. Rxa7 (43. Ra6 {is interesting.} Rb2 44. Qa1 f3+ 45. Kg1) 43... Rxa7 44. Bxa7 ({Much weaker is} 44. Qxa7 fxe3 45. d5 (45. fxe3 Qf5 $11) 45... exf2 $11) 44... fxe3 45. fxe3 {[%emt 0:00:10][%mdl 4096] Endgame KQB-KQB} Qf5 {[%emt 0:03:34] Against Qd5} 46. Qe2 {[%emt 0:00:39] Inhibits Qf3+.} Bf8 (46... Qf7 $142) 47. Bb8 Bg7 48. g4 Qf8 (48... Qd5 $16 49. Qc2 Bf6) 49. Bg3 $18 Qf7 50. Qf2 Kg6 (50... Qe6 $16 51. Qc2 Kg6) 51. Qxf7+ $1 Kxf7 {[%emt 0:00:06] KB-KB} 52. d5 $2 ({White must play} 52. h4 $18 gxh4 53. Bxh4) 52... Ke8 $2 {[%emt 0:03:11][%mdl 8192] [#]} (52... Ke7 $14) 53. h4 $1 gxh4 54. Bxh4 (54. Bf4 $142 Kf7 55. d6) 54... Kd7 55. Bg3 Bf6 56. Bf4 Bg5 {[%emt 0:00:08] [#]} 57. Kf2 $2 (57. Kf1 $1 $18 {Threatens to win with Ke1.} Ke7 58. Kf2) 57... Bxf4 $11 {[%emt 0:01:37] The position is equal.} 58. exf4 {[%emt 0:00:04] Threatening mate with Ke3. K3P-KPP} Kd6 59. Ke2 Kc5 $1 60. Kd2 Kd6 $1 61. Kc2 Kxd5 {[%emt 0:04:52] KPP-KPP} 62. Kc3 Kc5 63. Kd2 Kd6 64. Ke2 Ke6 65. Kf2 Kd6 $1 66. Ke1 Ke6 67. Kd1 (67. Ke2 $5) 67... Kd5 68. Kc2 Kd6 69. Kb3 {[%emt 0:00:44] Kc4 would kill now.} Kd5 70. Kc3 Kc5 71. g5 hxg5 {[%emt 0:00:14] Black defended with fortune.   Weighted Error Value: White=0.32/Black=0.20 (precise)} 1/2-1/2